 Dungeon Crawl Stone Soup version 0.24-a0-170-gd8427f5 (webtiles) character file.

Game seed: 17827330275118513321

4078 Borgoz the Slicer (level 10, -5/61 HPs)
             Began as a Gargoyle Gladiator on Mar 8, 2019.
             Shot with an arrow by a centaur (12 damage)
             ... on level 8 of the Dungeon.
             The game lasted 00:14:01 (7190 turns).

Borgoz the Slicer (Gargoyle Gladiator)              Turns: 7190, Time: 00:14:02

Health: -5/61      AC:  4    Str: 20    XL:     10   Next: 25%
Magic:  0/10       EV: 15    Int: 12    God:
Gold:   387        SH:  0    Dex: 12    Spells: 9/9 levels left

rFire    + + .     SeeInvis .   a - +1 short sword "Kafabb" {venom, Str+3}
rCold    . . .     Gourm    .   (no shield)
rNeg     + . .     Faith    .   q - +0 leather armour
rPois    ∞         Spirit   +   o - +1 hat
rElec    +         Reflect  .   m - scarf {rC+ rF+}
rCorr    .         Harm     .   (no gloves)
MR       .....                  (no boots)
Stlth    +.........             e - amulet of guardian spirit
HPRegen  0.20/turn              k - ring of fire
MPRegen  0.12/turn              (no ring)

@: corroded
A: iridescent scales 1, slimy green scales 1, negative energy resistance 1,
electricity resistance, unbreathing, petrification resistance, rot immunity, AC
+7
a: no special abilities


You were on level 8 of the Dungeon.
You were not hungry.

You visited 2 branches of the dungeon, and saw 9 of its levels.
You also visited: Sewer.

You collected 387 gold pieces.

Inventory:

Hand Weapons
 a - the +1 short sword "Kafabb" (weapon) {venom, Str+3}
   (You found it on level 5 of the Dungeon)

   It poisons the flesh of those it strikes.
   It affects your strength (+3).
 b - a +0 blowgun
 B - a +0 demon whip
Missiles
 d - 6 throwing nets (quivered)
 p - 3 curare-tipped needles
 v - 4 javelins
Armour
 m - a scarf of resistance (worn)
 o - a +1 hat (worn)
 q - a +0 leather armour (worn)
Jewellery
 e - an amulet of guardian spirit (around neck)
 k - a ring of fire (left hand)
Wands
 c - a wand of flame (28)
 n - a wand of digging (3)
 z - a wand of paralysis (4)
Scrolls
 g - a scroll of fog {unknown}
 i - a scroll of noise {unknown}
 j - 4 scrolls of remove curse
 u - a scroll of teleportation {unknown}
 w - a scroll of amnesia {unknown}
 x - a scroll of enchant weapon {unknown}
 y - 2 scrolls of enchant armour {unknown}
 A - a scroll of blinking
 E - a scroll of fear {unknown}
Potions
 h - 3 potions of mutation
 l - 3 potions of flight
 r - a potion of magic
 s - 3 potions of haste
 t - 5 potions of might
Comestibles
 f - 20 rations
 C - a chunk of flesh


   Skills:
 + Level 6.9 Fighting
 * Level 8.2 Short Blades
 - Level 1.7 Throwing
 + Level 6.2 Armour
 * Level 7.5 Dodging


You had 9 spell levels left.
You didn't know any spells.
Your spell library was empty.

Dungeon Overview and Level Annotations

Branches:
Dungeon (8/15)             Temple (1/1) D:5
   Lair: D:8-11

Altars:
Cheibriados
Dithmenos
Elyvilon
Fedhas
Gozag
Hepliaklqana
Makhleb
Nemelex Xobeh
Okawaru
Qazlal
Sif Muna
Trog
Uskayaw
Vehumet
Wu Jian
Xom
Yredelemnul
Zin
The Shining One

Shops:
D:4 :


Innate Abilities, Weirdness & Mutations

You are resistant to torment.
Your stone body is resilient. (AC +7)
You are immune to poison.
You resist negative energy. (rN+)
You are resistant to electric shocks. (rElec)
You can survive without breathing.
You are immune to petrification.
You are immune to rotting.
You are partially covered in iridescent scales. (AC +2)
You are partially covered in slimy green scales. (AC +2)


Message History

The jelly hits you.
* * * LOW HITPOINT WARNING * * *
The acid corrodes you!
You are splashed with acid!
* * * LOW HITPOINT WARNING * * *
You hit the jelly but do no damage.
The jelly looks as sick as possible!
Your hands burn!
* * * LOW HITPOINT WARNING * * *
The jelly is almost dead.
You kill the jelly!
You start resting.
A centaur opens the door.
The centaur wields a +1 shortbow of freezing.
It is covered in frost.
The centaur shoots an arrow.
The arrow hits you.
* * * LOW HITPOINT WARNING * * *
The arrow freezes you.
* * * LOW HITPOINT WARNING * * *
You see here an arrow.
You start resting.
The centaur shoots an arrow.
The arrow hits you!
You die...

.....[.###.#...#
...#
#..#l....#.##...##.#
..###...##..#.# ...#
.# ............#..
.#... #
..#####+#######
#'#### #.#.#.#.#.# .
##....(c.##
#...)###..# # #l
##...#%#@##.# #.#
'..##)##..'.#


sK. c##.#)#...##.# #.W # #..###....# # #aK# ##.......## #Jp# #.#.#.#.#.# #F.
#####'##### ##### . #K.5H #K##4 You could see a centaur.

Vanquished Creatures
  A two-headed ogre (D:8)
  An orc sorcerer (D:8)
  Grinder (D:6)
  Sigmund (D:3)
  Edmund (D:5)
  Duvessa (D:6)
  An orc warrior (D:7)
  3 black bears
  2 phantoms
  An ice beast (D:6)
  A sky beast (D:7)
  2 ogres
  A centaur (D:7)
  Blork the orc (D:5)
  2 big kobolds (Sewer)
  A bullfrog (D:7)
  Dowan (D:6)
  A scorpion (D:6)
  6 killer bees
  2 jellies
  2 orc priests
  3 hounds
  4 orc wizards
  An iguana (D:6)
  A centaur skeleton (D:6)
  Ijyb (D:5)
  4 worker ants
  Robin (D:3)
  4 gnolls (D:6)
  A howler monkey skeleton (D:8)
  10 adders
  A river rat (Sewer)
  A shadow imp (D:6)
  6 oozes
  An adder skeleton (D:6)
  8 worms
  5 dart slugs
  4 leopard geckos
  17 orcs
  3 giant cockroaches
  15 goblins
  10 hobgoblins
  5 jackals
  A quokka (D:6)
  A ball python (D:3)
  8 bats
  9 frilled lizards
  10 kobolds
  9 rats
177 creatures vanquished.

Notes
Turn   | Place    | Note
-------+----------+-------------------------------------------
     0 | D:1      | Borgoz the Gargoyle Gladiator began the quest for the Orb.
     0 | D:1      | Reached XP level 1. HP: 12/12 MP: 1/1
   185 | D:1      | Reached XP level 2. HP: 18/18 MP: 2/2
   201 | D:1      | You fall through a shaft!
   246 | D:2      | Reached skill level 3 in Short Blades
   246 | D:2      | Reached XP level 3. HP: 6/22 MP: 3/3
   542 | D:2      | Reached skill level 1 in Armour
   696 | D:2      | Found an iron altar of Okawaru.
  1055 | D:1      | Reached XP level 4. HP: 27/27 MP: 4/4
  1428 | D:2      | Found a deep blue altar of Sif Muna.
  1847 | D:3      | Gained mutation: You are partially covered in slimy green
                  | scales. (AC +2) [potion of mutation]
  1847 | D:3      | Gained mutation: You are partially covered in iridescent
                  | scales. (AC +2) [potion of mutation]
  1854 | D:3      | Reached XP level 5. HP: 10/32 MP: 5/5
  2085 | D:3      | Found a stormy altar of Qazlal.
  2136 | D:3      | Noticed Sigmund
  2175 | D:3      | Killed Sigmund
  2175 | D:3      | Reached skill level 4 in Short Blades
  2175 | D:3      | Reached XP level 6. HP: 10/37 MP: 3/6
  2473 | D:3      | Noticed Robin
  2500 | D:3      | Killed Robin
  2535 | D:3      | Found a white marble altar of Elyvilon.
  2774 | D:3      | Found a bloodstained altar of Trog.
  3033 | D:4      | Found a glowing drain.
  3062 | Sewer    | Entered a sewer
  3082 | Sewer    | Reached XP level 7. HP: 39/42 MP: 7/7
  3528 | D:4      | Found an ornate altar of the Wu Jian Council.
  3536 | D:4      | Found a snail-covered altar of Cheibriados.
  3697 | D:4      | Reached skill level 5 in Short Blades
  3743 | D:4      | Found Alokocij's Book Boutique.
  3996 | D:4      | Found an opulent altar of Gozag.
  4351 | D:5      | Entered Level 5 of the Dungeon
  4351 | D:5      | Found a white marble altar of Elyvilon.
  4369 | D:5      | Got a jewelled short sword
  4370 | D:5      | Identified the +1 short sword "Kafabb" {venom, Str+3} (You
                  | found it on level 5 of the Dungeon)
  4383 | D:5      | Found a staircase to the Ecumenical Temple.
  4419 | D:5      | Noticed Edmund
  4442 | D:5      | Killed Edmund
  4442 | D:5      | Reached skill level 5 in Dodging
  4442 | D:5      | Reached XP level 8. HP: 26/48 MP: 4/8
  4494 | Temple   | Entered the Ecumenical Temple
  4683 | D:5      | Noticed Blork the orc
  4695 | D:5      | Killed Blork the orc
  4766 | D:5      | Noticed Ijyb
  4775 | D:5      | Paralysed by Ijyb for 2 turns
  4781 | D:5      | Killed Ijyb
  5216 | D:6      | Reached skill level 5 in Fighting
  5216 | D:6      | Reached skill level 6 in Short Blades
  5496 | D:6      | Noticed Duvessa
  5496 | D:6      | Noticed Dowan
  5511 | D:6      | Killed Duvessa
  5511 | D:6      | Reached XP level 9. HP: 38/54 MP: 7/9
  5521 | D:6      | Killed Dowan
  5620 | D:6      | Noticed Grinder
  5625 | D:6      | Paralysed by Grinder for 7 turns
  5651 | D:6      | Killed Grinder
  5797 | D:6      | Reached skill level 5 in Armour
  5978 | D:7      | Reached skill level 7 in Short Blades
  6622 | D:7      | Found a hazy altar of Hepliaklqana.
  6708 | D:7      | Found a blossoming altar of Fedhas.
  6760 | D:8      | Noticed a death knight
  6761 | D:8      | Noticed an orc sorcerer
  6762 | D:8      | Noticed a kobold demonologist
  6765 | D:8      | Noticed a soul eater
  6766 | D:8      | Noticed a hellwing
  6768 | D:8      | Noticed a rust devil
  6768 | D:8      | Noticed a kobold demonologist
  6769 | D:8      | Noticed an ice devil
  6774 | D:8      | Killed an orc sorcerer
  6774 | D:8      | Reached XP level 10. HP: 14/61 MP: 0/10
  7072 | D:8      | Noticed a two-headed ogre
  7109 | D:8      | Killed a two-headed ogre
  7109 | D:8      | Reached skill level 8 in Short Blades
  7190 | D:8      | Shot with an arrow by a centaur

Levels and vault maps discovered:
D:1:      lemuel_arrival_river_ford, layout_loops_ring,
          minmay_misc_feat_secret_circle
D:2:      minmay_wonky_spiral, layout_rooms, lemuel_round_altar,
          okawaru_ov_weapons_minmay
D:3:      layout_loops_ring, lemuel_doored_altar, bloody_trog,
          nicolae_qazlal_general_emergency, uniq_sigmund, uniq_robin
D:4:      layout_basic, old_standard_altar, grunt_gozag_statues,
          cheibrodos_sewer_entry_sluice, first_ration, serial_shops, shop,
          chequers_serial_rivers_room_b, cheibriados_altar_1
D:5:      layout_rooms, minmay_temple_entry_trees, elyvilon_altar_5,
          uniq_edmund, uniq_ijyb, uniq_blork_the_orc
D:6:      layout_basic, minmay_misc_feat_columns, kennysheep_another_room,
          minmay_statues_item, uniq_duvessa, uniq_grinder
D:7:      layout_loops_ring, lemuel_coloured_pillars_altar, grunt_ogre_cave,
          fedhas_altar_fruit_tree
D:8:      minmay_the_grid_plus [minmay_the_grid_large_cup,
          minmay_the_grid_tri_star, minmay_the_grid_square_x,
          minmay_the_grid_tiny_cups, minmay_the_grid_prize_shrinking_boxes],
          layout_loops_ring, ashenzari_altar_1, nicolae_overflow_hidden_temple,
          lair_entry_dummy
Temple:   cyrus_temple_forest
Sewer:    sewer_co_15_rooms

Skill      XL: |  1  2  3  4  5  6  7  8  9 10 |
---------------+-------------------------------+-----
Short Blades   | 3 4 5 6 7 8 |  8.2
Armour         | 1 2 3 4 5 6 |  6.2
Dodging        | 3 4 5 7 |  7.5
Fighting       | 3 4 5 6 |  6.9
Throwing       | |  1.7

Action                   |  1- 3 |  4- 6 |  7- 9 | 10-12 || total
-------------------------+-------+-------+-------+-------++-------
Melee: Rapier            |   107 |   242 |   233 |       ||   582
       Short sword       |       |       |   336 |    23 ||   359
  Use: Potion            |     1 |     4 |       |       ||     5
       Scroll            |       |       |     8 |       ||     8
 Stab: Sleeping          |       |     1 |       |       ||     1
  Eat: Chunk             |       |     7 |    10 |     1 ||    18
       Ration            |       |       |     1 |       ||     1
Armor: Leather armour    |    34 |    94 |   209 |     4 ||   341
       Skin              |       |     7 |       |       ||     7
Dodge: Dodged            |    62 |   167 |   333 |     9 ||   571

Table legend:
 A = Non-vault XP
 B = Vault XP
 C = Vault XP percentage of total XP
 D = Non-vault monster count
 E = Vault monster count
 F = Vault count percentage of total count
                 A         B        C        D         E       F
            +---------+---------+-------+---------+---------+-------
      Total |    2790 |    3037 |  52.1 |     129 |      48 |  27.1
            +---------+---------+-------+---------+---------+-------
        D:1 |      29 |       0 |   0.0 |      16 |       0 |   0.0
        D:2 |      58 |      13 |  18.3 |      16 |       5 |  23.8
        D:3 |     206 |     262 |  56.0 |      35 |      10 |  22.2
        D:4 |     330 |       8 |   2.4 |      22 |       3 |  12.0
        D:5 |      14 |     303 |  95.6 |       1 |       3 |  75.0
        D:6 |    1076 |     493 |  31.4 |      23 |       3 |  11.5
        D:7 |    1030 |     121 |  10.5 |      14 |       1 |   6.7
        D:8 |      47 |    1575 |  97.1 |       2 |       4 |  66.7
      Sewer |       0 |     262 | 100.0 |       0 |      19 | 100.0
            +---------+---------+-------+---------+---------+-------
